 Dungeon Crawl Stone Soup version 0.25.0-46-gbd7b0854d2 (webtiles) character file.

Game seed: 3332187410787435006

12185 Ethylacetat the Spear-Bearer (level 11, -2/165 HPs)
             Began as a Naga Gladiator on July 14, 2020.
             Was an Elder of Cheibriados.
             Slain by a wolf (6 damage)
             ... on level 2 of the Lair of Beasts.
             The game lasted 00:35:01 (14044 turns).

Ethylacetat the Spear-Bearer (Naga Gladiator)      Turns: 14044, Time: 00:35:04

Health: -2/165     AC: 29    Str: 29    XL:     11   Next: 89%
Magic:  0/13       EV:  1    Int: 13    God:    Cheibriados [****..]
Gold:   332        SH:  0    Dex: 22    Spells: 10/10 levels left

rFire    . . .     SeeInvis +   a - +0 trident
rCold    . . .     Gourm    .   (no shield)
rNeg     + + +     Faith    .   (armour currently unavailable)
rPois    +         Spirit   +   (helmet currently unavailable)
rElec    +         Reflect  .   (cloak currently unavailable)
rCorr    .         Harm     .   (gloves currently unavailable)
MR       +....     NoTele   +   (no barding)
Stlth    ++........             k - amulet of guardian spirit
HPRegen  0.37/turn              e - +4 ring of protection
MPRegen  0.13/turn              v - ring "Ibri" {+Fly rElec Int-4 SInv}

@: short of breath, tree-form, very slow
A: large, see invisible, slow metabolism 1, spit poison 2, AC +3
a: Breathe Poison Gas, Bend Time, Temporal Distortion, Slouch, Renounce Religion


You were on level 2 of the Lair of Beasts.
You worshipped Cheibriados.
Cheibriados was greatly pleased with you.
You were hungry.
You were a tree.
You visited 2 branches of the dungeon, and saw 12 of its levels.

You collected 777 gold pieces.
You spent 445 gold pieces at shops.

Inventory:

Hand Weapons
 a - a +0 trident (weapon)
 E - the +4 hand axe of the Solstice {pain, +Inv Str+4 Int+2}
   (You found it on level 9 of the Dungeon)

   In the hands of one skilled in necromantic magic, it inflicts extra damage on
   living creatures.
   It affects your strength (+4).
   It affects your intelligence (+2).
   It lets you turn invisible.
Missiles
 h - 2 throwing nets (quivered)
Armour
 i - a +2 cloak of preservation (melded)
 A - a +1 chain mail of fire resistance (melded)
Jewellery
 e - a +4 ring of protection (left branch)
 j - an uncursed ring of resist corrosion
 k - an amulet of guardian spirit (around neck)
 m - an uncursed ring of protection from cold
 v - the ring "Ibri" (right branch) {+Fly rElec Int-4 SInv}
   (You bought it in a shop on level 4 of the Dungeon)

   [ring of flight]

   It affects your intelligence (-4).
   It insulates you from electricity.
   It lets you see invisible.
   It lets you fly.
Wands
 r - a wand of flame (18)
 y - a wand of digging (5)
Scrolls
 b - a scroll of torment {unknown}
 d - 4 scrolls of magic mapping
 g - 3 scrolls of amnesia
 n - 6 scrolls of identify
 p - 3 scrolls of teleportation
 q - 6 scrolls of remove curse
 w - 3 scrolls of enchant weapon
 x - 2 scrolls of immolation
 z - 4 scrolls of blinking {unknown}
 D - 2 scrolls of noise {unknown}
 F - a scroll of fog {unknown}
Potions
 c - 2 potions of resistance
 t - a potion of flight
Comestibles
 f - 23 rations


   Skills:
 + Level 10.8 Fighting
 * Level 14.6 Polearms
 - Level 1.7 Throwing
 - Level 2.4 Dodging
 * Level 3.0 Invocations


You had 10 spell levels left.
You didn't know any spells.
Your spell library contained the following spells:

 Spells                   Type           Power        Failure   Level  Hunger
 Animate Skeleton         Necr           N/A          30%         1    ##.....
 Apportation              Tloc           #.....       30%         1    ##.....
 Corona                   Hex            #......      30%         1    ##.....
 Infusion                 Chrm           #...         30%         1    ##.....
 Pain                     Necr           #...         30%         1    ##.....
 Shock                    Conj/Air       #...         30%         1    ##.....
 Summon Small Mammal      Summ           #...         30%         1    ##.....
 Shroud of Golubria       Chrm/Tloc      #.....       43%         2    ###....
 Song of Slaying          Chrm           #.......     43%         2    ###....
 Swiftness                Chrm/Air       #.......     43%         2    ###....
 Ozocubu's Armour         Chrm/Ice       #.......     67%         3    ####...
 Spectral Weapon          Hex/Chrm       #.......     67%         3    ####...
 Static Discharge         Conj/Air       #.......     67%         3    ####...
 Vampiric Draining        Necr           #.........   67%         3    ####...
 Airstrike                Air            #.........   97%         4    #####..
 Animate Dead             Necr           N/A          97%         4    #####..
 Agony                    Necr           #.......     100%        5    ######.
 Lightning Bolt           Conj/Air       #.........   100%        5    ######.


Dungeon Overview and Level Annotations

Branches:
Dungeon (9/15)             Temple (0/1) D:7            Lair (3/6) D:9
    Orc (0/2) D:9
  Swamp: Lair:2-4    Shoals: Lair:2-4     Snake: Lair:2-4    Spider: Lair:2-4

Altars:
Cheibriados
Dithmenos
Elyvilon
Kikubaaqudgha
Makhleb
Vehumet
Wu Jian
Xom
Yredelemnul
The Shining One

Shops:
D:4 *   D:8 ?   D:9 *[:(

Annotations:
D:9 2 runed translucent doors


Innate Abilities, Weirdness & Mutations

You cannot wear boots.
((Your serpentine skin is tough. (AC +3)))
You have supernaturally acute eyesight. (SInv)
((Armour fits poorly on your strangely shaped body.))
((Your system is resistant to poisons. (rPois)))
((You cover ground very slowly.))
You have a slow metabolism.
You can exhale a cloud of poison.


Message History

* * * LOW HITPOINT WARNING * * *
The wolf is engulfed in poison gas.
The wolf looks even sicker.
The wolf bites you but does no damage.
You puncture the wolf!
You kill the wolf!
Cheibriados thoroughly appreciates the change of pace.
The wolf bites you.
You barely miss the wolf. The wolf bites you.
* * * LOW HITPOINT WARNING * * *
Really quaff the potion of lignification? [Y]es or [N]o only, please.
Really quaff the potion of lignification?
You turn into a tree.
Your +2 cloak of preservation melds into your body.
Your +1 chain mail of fire resistance melds into your body.
You feel less resistant to fire.
Your roots penetrate the ground.
The wolf bites you.
* * * LOW HITPOINT WARNING * * *
The wolf bites you.
You die...

..#......#.#######......###.#....
..#......#......##...##.#.###....
..##...........#.#...#......#.<..
..##.....PP#...............##....
..#.......##...#.#...####P##.....
.#.#.....####.####.....######....
.##......####.####...............
..........##..P##÷...............
................♣°○○°°°..........
##.#######.....h.#.#########.####
#### #P......≈### ### #♣PP≈..P###
♣≈≈≈P≈♣≈≈# ♣♣P≈≈♣P### ♣≈≈≈P##
#♣≈≈## ####


You could see a wolf.

Vanquished Creatures
  A two-headed ogre (D:8)
  An orange crystal statue (D:9)
  2 black mambas
  2 spiny frogs
  4 polar bears (Lair:2)
  A wind drake (shapeshifter) (D:2)
  A hippogriff (D:8)
  9 blink frogs
  13 yaks
  A human (D:7)
  4 hogs (D:7)
  A basilisk (Lair:2)
  A water moccasin (Lair:1)
  2 porcupines
  3 ice beasts
  3 sky beasts
  A necrophage (D:2)
  3 phantoms
  A black bear (D:8)
  6 wolves (Lair:2)
  An ogre (D:4)
  2 centaurs
  5 crocodiles
  5 bullfrogs
  5 killer bees (D:9)
  5 howler monkeys
  An electric eel (Lair:2)
  A centaur zombie (D:6)
  2 crimson imps
  2 quasits
  4 hounds
  2 bullfrog skeletons
  A bullfrog zombie (D:7)
  A jelly (D:7)
  Crazy Yiuf (D:2)
  A centaur skeleton (D:5)
  2 orc wizards (D:4)
  2 iguanas (D:7)
  Ijyb (D:5)
  2 worker ants
  2 hell rats (Lair:1)
  Terence (D:2)
  3 hound skeletons (D:6)
  Robin (D:3)
  2 howler monkey zombies
  14 adders
  3 gnolls (D:4)
  8 river rats (Lair:1)
  A white imp (D:4)
  An adder zombie (D:9)
  5 worms
  4 dart slugs
  4 leopard geckos
  7 orcs
  2 giant cockroaches
  16 goblins
  15 hobgoblins
  11 jackals
  7 quokkas
  A ball python (D:3)
  5 bats
  6 frilled lizards
  A jackal skeleton (D:7)
  5 kobolds
  A leopard gecko zombie (D:7)
  28 rats
260 creatures vanquished.

Vanquished Creatures (others)
  A fungus (Lair:2)
  A plant (Lair:1)
2 creatures vanquished.

Grand Total: 262 creatures vanquished

Notes
Turn   | Place    | Note
-------+----------+-------------------------------------------
     0 | D:1      | Ethylacetat the Naga Gladiator began the quest for the Orb.
     0 | D:1      | Reached XP level 1. HP: 19/19 MP: 1/1
    63 | D:1      | Reached XP level 2. HP: 11/26 MP: 2/2
   888 | D:2      | Reached XP level 3. HP: 30/33 MP: 3/3
   948 | D:2      | Reached skill level 4 in Polearms
  1221 | D:2      | Reached XP level 4. HP: 40/40 MP: 4/4
  1442 | D:2      | Found a runed translucent door.
  1443 | D:2      | Noticed Crazy Yiuf
  1458 | D:2      | Killed Crazy Yiuf
  1458 | D:2      | Reached XP level 5. HP: 13/49 MP: 2/5
  1862 | D:2      | Reached skill level 5 in Polearms
  1902 | D:2      | Noticed Terence
  1908 | D:2      | Killed Terence
  2211 | D:2      | Noticed a necrophage
  2212 | D:2      | Found a radiant altar of Vehumet.
  2220 | D:2      | Killed a necrophage
  2220 | D:2      | Reached XP level 6. HP: 48/57 MP: 6/6
  2684 | D:3      | Found a faded altar of an unknown god.
  2697 | D:3      | Noticed a glowing shapeshifter
  2697 | D:3      | an adder changed into a glowing shapeshifter
  2697 | D:3      | Noticed a death drake
  2697 | D:3      | a glowing shapeshifter changed into a death drake
  2697 | D:3      | Noticed Robin
  2700 | D:2      | Noticed a mana viper
  2700 | D:2      | a death drake changed into a mana viper
  2705 | D:2      | Noticed a wind drake
  2705 | D:2      | a mana viper changed into a wind drake
  2711 | D:2      | Killed a wind drake
  2711 | D:2      | Reached skill level 6 in Polearms
  2711 | D:2      | Reached XP level 7. HP: 46/66 MP: 1/7
  2830 | D:3      | Killed Robin
  2934 | D:3      | Found an ornate altar of the Wu Jian Council.
  3229 | D:3      | Found a glowing golden altar of the Shining One.
  3445 | D:3      | Found an ancient bone altar of Kikubaaqudgha.
  3621 | D:4      | Reached skill level 7 in Polearms
  3770 | D:4      | Reached skill level 5 in Fighting
  3991 | D:4      | Reached XP level 8. HP: 39/74 MP: 8/8
  4232 | D:4      | Found Jyvych's Assorted Antiques.
  4238 | D:4      | Bought a transparent brass ring for 140 gold pieces
  4238 | D:4      | Bought 2 fuming golden potions for 50 gold pieces
  4238 | D:4      | Bought a scroll labeled MUJOUTTELEO for 28 gold pieces
  4239 | D:4      | Identified the ring "Ibri" {+Fly rElec Int-4 SInv} (You
                  | bought it in a shop on level 4 of the Dungeon)
  4895 | D:5      | Entered Level 5 of the Dungeon
  4936 | D:5      | Reached skill level 8 in Polearms
  4952 | D:5      | Noticed Ijyb
  4961 | D:5      | Killed Ijyb
  5173 | D:5      | Found a shadowy altar of Dithmenos.
  5442 | D:6      | Reached skill level 9 in Polearms
  5588 | D:6      | Found a white marble altar of Elyvilon.
  5657 | D:6      | Found a basalt altar of Yredelemnul.
  5734 | D:6      | Reached XP level 9. HP: 55/85 MP: 6/9
  5901 | D:6      | Found a snail-covered altar of Cheibriados.
  5919 | D:6      | Became a worshipper of Cheibriados the Contemplative
  6259 | D:7      | Reached skill level 10 in Polearms
  6432 | D:7      | Found a burning altar of Makhleb.
  6608 | D:7      | Found a staircase to the Ecumenical Temple.
  6702 | D:7      | Found a shimmering altar of Xom.
  6705 | D:7      | Found a shimmering altar of Xom.
  6713 | D:7      | Found a shimmering altar of Xom.
  6713 | D:7      | Found a shimmering altar of Xom.
  6713 | D:7      | Found a shimmering altar of Xom.
  6714 | D:7      | Found a shimmering altar of Xom.
  6716 | D:7      | Found a shimmering altar of Xom.
  6756 | D:7      | Found a shimmering altar of Xom.
  6757 | D:7      | Found a shimmering altar of Xom.
  7052 | D:7      | Reached * piety under Cheibriados
  7063 | D:7      | Reached skill level 11 in Polearms
  7370 | D:8      | Reached XP level 10. HP: 62/96 MP: 6/10
  7770 | D:8      | Found Dourr's Magic Scroll Shoppe.
  7836 | D:8      | Reached skill level 12 in Polearms
  7903 | D:8      | Noticed a two-headed ogre
  7913 | D:8      | Killed a two-headed ogre
  8174 | D:8      | Reached ** piety under Cheibriados
  8552 | D:9      | Found Xeggea's Armour Boutique.
  8553 | D:9      | Found Yxaung's Antique Weapon Boutique.
  8553 | D:9      | Found Iqacun's Assorted Antiques.
  8553 | D:9      | Found Wafil's Book Boutique.
  8575 | D:9      | Bought a scroll labeled SAJACE VOKLOI for 33 gold pieces
  8575 | D:9      | Bought a brass ring for 165 gold pieces
  8575 | D:9      | Bought a dark potion for 29 gold pieces
  8596 | D:9      | Got a smoking hand axe
  8597 | D:9      | Identified the +4 hand axe of the Solstice {pain, +Inv
                  | Str+4 Int+2} (You found it on level 9 of the Dungeon)
  8653 | D:9      | Found a staircase to the Orcish Mines.
  8677 | D:9      | Found a runed translucent door.
  8704 | D:9      | Noticed a death yak
  8704 | D:9      | Noticed a death yak
  8704 | D:9      | Noticed a death yak
  8704 | D:9      | Noticed a death yak
  8704 | D:9      | Noticed a death yak
  8704 | D:9      | Noticed a death yak
  8704 | D:9      | Noticed a death yak
  8704 | D:9      | Noticed a death yak
  8718 | D:9      | Noticed an orange crystal statue
  8724 | D:9      | Found a runed translucent door.
  8732 | D:9      | Found a runed translucent door.
  8740 | D:9      | Found a runed translucent door.
  8763 | D:9      | Killed an orange crystal statue
  9241 | D:9      | Found a staircase to the Lair.
  9252 | D:9      | Gained mutation: You evolve. [potion of mutation]
  9252 | D:9      | Gained mutation: You can exhale a cloud of poison. [potion
                  | of mutation]
  9728 | Lair:1   | Entered Level 1 of the Lair of Beasts
 10050 | Lair:1   | Noticed a black mamba
 10071 | Lair:1   | Killed a black mamba
 10071 | Lair:1   | Reached skill level 13 in Polearms
 10236 | Lair:1   | Reached XP level 11. HP: 58/108 MP: 8/11
 10523 | Lair:1   | Lost mutation: You evolve. [evolution]
 10849 | Lair:1   | Reached *** piety under Cheibriados
 11347 | Lair:1   | Reached skill level 10 in Fighting
 11965 | Lair:2   | Reached skill level 14 in Polearms
 11969 | Lair:2   | HP: 1/163 [spiny frog (10)]
 11974 | Lair:2   | HP: 6/165 [spiny frog (2)]
 12739 | Lair:2   | Reached **** piety under Cheibriados
 13375 | Lair:3   | Reached skill level 1 in Invocations
 14043 | Lair:2   | HP: 4/110 [wolf (3)]
 14044 | Lair:2   | Slain by a wolf

Illustrated notes

Levels and vault maps discovered:
D:1:      zaba_arrival_water, layout_loops_ring
D:2:      layout_loops_corners, lemuel_round_altar, grunt_ministairs_7,
          minmay_misc_feat_alley, minmay_rat_hole, uniq_terence,
          uniq_crazy_yiuf_cottage
D:3:      layout_loops_cross, lemuel_coloured_pillars_altar,
          nicolae_tso_swordbearing_angel, lemuel_round_altar,
          chequers_ecumenical_altar_simple_redux, uniq_robin
D:4:      layout_loops_ring, serial_shops, shop, serial_forest,
          infiniplex_forest_lined_corner, infiniplex_forest_clump_double,
          infiniplex_forest_diagonal, infiniplex_forest_end_3,
          infiniplex_forest_clump_diagonal, infiniplex_forest_straight_2,
          infiniplex_forest_lined_2, infiniplex_forest_end_2,
          minmay_fire_ice_demons
D:5:      layout_rooms, grunt_dithmenos_shadows, first_ration, uniq_ijyb
D:6:      layout_cave_pools, slow_altar_1, old_standard_altar, elyvilon_altar_1,
          minmay_checkerbox
D:7:      layout_layer_cave, bloody_makhleb, xom_redecorated,
          minmay_temple_entry_waves, grunt_livestock
D:8:      layout_loops_ring, serial_shops, shop, hangedman_decor_peaks_small
D:9:      layout_stronghold, dpeg_lair_monsters, orc_0_dummy,
          minmay_shop_grid_forest, minmay_statue_crystal_thing
Lair:1:   layout_cellular_growth, kennysheep_rathole
Lair:2:   layout_regular_city, columned_hall_lemuel, serial_bayou_pond_c,
          cheibrodos_lair_lostbears, serial_bayou_shore_b
Lair:3:   layout_hall_layers, portal_ice_cave_entry_imps,
          grunt_forest_large_clearings, grunt_megastairs_4, serial_bayou_shore_a

Skill      XL: |  1  2  3  4  5  6  7  8  9 10 11 |
---------------+----------------------------------+-----
Polearms       | 4 5 6 7 9 11 13 14 | 14.6
Fighting       | 3 4 5 6 8 9 10 | 10.8
Invocations    | 3 |  3.0
Throwing       | |  1.7
Dodging        | |  2.4

Action                   |  1- 3 |  4- 6 |  7- 9 | 10-12 || total
-------------------------+-------+-------+-------+-------++-------
Melee: Trident           |    66 |    51 |   166 |   476 ||   759
       Quarterstaff      |       |    91 |   235 |       ||   326
       Hand axe          |       |       |       |     9 ||     9
Throw: Throwing net      |       |     3 |       |       ||     3
 Abil: Spit Poison       |     3 |     5 |     2 |    11 ||    21
       Breathe Poison Ga |       |       |       |    25 ||    25
  Use: Scroll            |     4 |       |     3 |     6 ||    13
       Potion            |       |       |     3 |    13 ||    16
 Stab: Paralysed         |       |     5 |     7 |       ||    12
       Sleeping          |       |       |     1 |       ||     1
  Eat: Chunk             |     1 |     3 |    14 |    12 ||    30
       Ration            |       |       |       |     1 ||     1
Armor: Leather armour    |    23 |    68 |    95 |       ||   186
       Chain mail        |       |       |   117 |   302 ||   419
       Skin              |       |       |    29 |    63 ||    92
Dodge: Dodged            |    16 |    59 |   166 |   210 ||   451
